 Dungeon Crawl Stone Soup version 0.31-a0-229-g1fc7ce93e2 (webtiles) character file.

Game seed: 4241029970180120775

81 qw the Shooter (level 4, -3/36 HPs)
             Began as a Minotaur Hexslinger on July 6, 2023.
             Slain by Grinder (5 damage)
             ... on level 3 of the Dungeon.
             The game lasted 00:00:40 (1950 turns).

qw the Shooter (Minotaur Hexslinger)                Turns: 1950, Time: 00:00:41

Health: -3/36      AC:  5    Str: 13    XL:     4   Next: 20%
Magic:  4/4        EV: 11    Int: 10    God:
Gold:   253        SH:  0    Dex: 14    Spells: 4/5 levels left

rFire   . . .        Y - +1 sling
rCold   . . .        (no shield)
rNeg    . . .        e - +0 ring mail
rPois   .            (helmet restricted)
rElec   .            (no cloak)
rCorr   .            (no gloves)
SInv    .            (no boots)
Will    .....        (no amulet)
Stlth   +            (no ring)
HPRegen 0.26/turn    (no ring)
MPRegen 0.09/turn

%: no passive effects
@: no status effects
A: horns 2, retaliatory headbutt
a: no special abilities


You were on level 3 of the Dungeon.
You visited 1 branch of the dungeon, and saw 3 of its levels.

You collected 253 gold pieces.


Innate Abilities, Weirdness & Mutations

You have a pair of horns on your head.
You reflexively headbutt those who attack you in melee.


   Skills:
 - Level 2.0 Fighting
 + Level 4.5 Ranged Weapons
 - Level 1.0 Armour
 - Level 2.1 Dodging
 - Level 1.0 Spellcasting
 - Level 2.0 Hexes


You had 4 spell levels left.
You knew the following spells:

 Your Spells              Type           Power      Damage    Failure   Level
a - Slow                  Hex            16%        N/A       32%         1

Your spell library contained the following spells:

 Spells                   Type           Power      Damage    Failure   Level
 Inner Flame              Hex/Fire       2%         N/A       82%         3
 Portal Projectile        Hex/Tloc       4%         N/A       82%         3
 Cause Fear               Hex            2%         N/A       97%         4

Inventory:

Hand Weapons
 Y - a +1 sling (weapon)
Armour
 e - a +0 ring mail (worn)
Scrolls
 c - a scroll of teleportation {unknown}
 d - a scroll of amnesia {unknown}
Potions
 a - a potion of heal wounds {unknown}
 b - a potion of curing {unknown}

Dungeon Overview and Level Annotations

Branches:
Dungeon (3/15)

Altars:
Kikubaaqudgha

Annotations:
D:3 Grinder


Message History

The sling bullet completely misses the ball python.
The ball python bites you but does no damage.
The ball python barely misses you.
The ball python bites you but does no damage.
The ball python grabs you. The ball python constricts you.
You shoot a sling bullet. The sling bullet hits the ball python.
The ball python is heavily wounded.
Grinder hits you.
You writhe in agony.
The ball python bites you but does no damage.
The ball python constricts you.
You shoot a sling bullet. The sling bullet hits the ball python.
You kill the ball python!
Grinder gestures at you. Pain shoots through your body!
You shoot a sling bullet.
The sling bullet hits the dart slug but does no damage.
The dart slug is heavily wounded.
Grinder says, "Just stop there for a second..."
Grinder barely misses you. You furiously retaliate!
You headbutt Grinder.
The dart slug bites you but does no damage.
Grinder hits you.
You writhe in agony.
You shoot a sling bullet.
The sling bullet hits the dart slug but does no damage.
The dart slug is heavily wounded.
The dart slug launches a dart at you.
The slug dart hits you but does no damage.
Grinder hits you.
You writhe in agony.
You shoot a sling bullet. The sling bullet hits the dart slug.
The dart slug is almost dead.
Grinder closely misses you. The dart slug launches a dart at you.
The slug dart hits you.
You shoot a sling bullet. The sling bullet hits the dart slug!
You kill the dart slug!
Grinder misses you. Grinder closely misses you.
You shoot a sling bullet.
The sling bullet hits Grinder but does no damage.
Grinder is lightly wounded.
Grinder hits you.
You writhe in agony.
You die...

...# #....##..
#..##.#......
#....#.##..#
##..#..#..##
#.....##.###
###.#...#..###
######.....#...###.
##........###.......
#.%@.....#....####..
#.5######..#### #..
!...# #.## #..
...... ..# #.. .....
## ##. ..... #..
...# #.. ..$ #.. #..


You could see Grinder.

Vanquished Creatures
  2 adders
  A worm (D:2)
  2 dart slugs
  4 endoplasms
  4 giant cockroaches
  6 goblins
  6 hobgoblins
  2 quokkas
  8 ball pythons
  8 bats
  A frilled lizard (D:2)
  4 kobolds
  6 rats
54 creatures vanquished.

Notes
Turn   | Place    | Note
-------+----------+-------------------------------------------
     0 | D:1      | qw the Minotaur Hexslinger began the quest for the Orb.
     0 | D:1      | Reached XP level 1. HP: 16/16 MP: 1/1
     0 | D:1      | 0 ||| qw: Version: 0.3-a-46-gb1f654a
     0 | D:1      | 0 ||| qw: Game counter: 1647
     0 | D:1      | 0 ||| qw: Melee chars always use a shield: true
     0 | D:1      | 0 ||| qw: God list: Okawaru
     0 | D:1      | 0 ||| qw: Allow faded altars: false
     0 | D:1      | 0 ||| qw: Do Orc after clearing Dungeon:15 true
     0 | D:1      | 0 ||| qw: Do second Lair branch before Depths: true
     0 | D:1      | 0 ||| qw: Lair rune preference: random
     0 | D:1      | 0 ||| qw: Goals: Normal
     0 | D:1      | 0 ||| PLANNING D:1-11
   302 | D:1      | Reached skill level 3 in Ranged Weapons
   331 | D:1      | Reached XP level 2. HP: 23/23 MP: 2/2
   503 | D:1      | You fall into a shaft and drop 1 floor!
   625 | D:2      | Reached XP level 3. HP: 28/29 MP: 3/3
   699 | D:2      | 699 ||| UPGRADING to +0 ring mail.
   709 | D:2      | 709 ||| DROPPING +0 robe.
   710 | D:2      | 710 ||| READING scroll labelled NEUL GAFURIT BUIL.
   711 | D:2      | 711 ||| READING 2 scrolls labelled JUN LANWUPHU.
   712 | D:2      | 712 ||| READING scroll labelled EHIUSCH FERICLU.
   713 | D:2      | 713 ||| DROPPING scroll of poison.
   715 | D:2      | 715 ||| DROPPING scroll of fear.
  1004 | D:1      | Reached skill level 4 in Ranged Weapons
  1514 | D:2      | Reached skill level 1 in Armour
  1515 | D:2      | Found an ancient bone altar of Kikubaaqudgha.
  1642 | D:2      | 1642 ||| READING scroll labelled DIDUNO FIRATRY.
  1643 | D:2      | 1643 ||| READING scroll labelled DANGI FECVEIRU.
  1786 | D:3      | Reached XP level 4. HP: 36/36 MP: 4/4
  1937 | D:3      | Noticed Grinder
  1938 | D:3      | Paralysed by Grinder for 4 turns
  1947 | D:3      | HP: 6/36 [Grinder (6)]
  1950 | D:3      | HP: 2/36 [Grinder (3)]
  1950 | D:3      | Slain by Grinder

Levels and vault maps discovered:
D:1:      minmay_arrival_loop, layout_basic
D:2:      layout_basic, basic_altar
D:3:      layout_rooms, lemuel_tele_altar, serial_bayou_lake_a, uniq_grinder

Skill      XL: |  1  2  3 |
---------------+----------+-----
Ranged Weapons | 3 4 |  4.5
Fighting       | 2 |  2.0
Armour         | 1 |  1.0
Dodging        | |  2.1
Spellcasting   | |  1.0
Hexes          | |  2.0

Action                     |  1- 3 |  4- 6 || total
---------------------------+-------+-------++-------
   Fire: Sling             |   147 |    15 ||   162
    Use: Scroll            |     5 |       ||     5
 Armour: Robe              |     8 |       ||     8
         Ring mail         |     6 |     5 ||    11
  Dodge: Dodged            |    49 |     5 ||    54

Table legend:
 A = Non-vault XP
 B = Vault XP
 C = Vault XP percentage of total XP
 D = Non-vault monster count
 E = Vault monster count
 F = Vault count percentage of total count
                 A         B        C        D         E       F
            +---------+---------+-------+---------+---------+-------
      Total |     117 |       0 |   0.0 |      54 |       0 |   0.0
            +---------+---------+-------+---------+---------+-------
        D:1 |      39 |       0 |   0.0 |      24 |       0 |   0.0
        D:2 |      52 |       0 |   0.0 |      23 |       0 |   0.0
        D:3 |      26 |       0 |   0.0 |       7 |       0 |   0.0
            +---------+---------+-------+---------+---------+-------
